Map: [EWC] Goldenaura

Players

Classic

  • Race: Protoss Protoss
  • Spawn Location: 12:00

Clem - Winner!

  • Race: Terran Terran
  • Spawn Location: 5:00

Event: Esports World Cup 2024

VOD

Have the link to the VOD?

Description

Time

  • Played on: Aug. 14, 2024, 2:20 p.m.
  • Length: 8:30

All games in this series

Show
View Real Time Build Order
Export as new Build Order

Classic Protoss 

Build Orders: 1 Gate Expand, Phoenix Opening 

Get SALT Encoding   

  12  0:00  Probe  
  13  0:12  Probe  
  14  0:17  Pylon  
  14  0:24  Probe  
  15  0:35  Gateway  
  15  0:36  Probe (Chrono Boost)  
  16  0:46  Assimilator, Probe (Chrono Boost)  
  17  0:51  Probe (Chrono Boost)  
  18  1:03  Probe  
  20  1:20  Nexus  
  19  1:29  Cybernetics Core  
  19  1:31  Probe  
  20  1:36  Assimilator  
  20  1:44  Probe  
  20  1:46  Pylon  
  21  1:56  Probe  
  22  2:02  Stalker (Chrono Boost)  
  22  2:08  Probe  
  23  2:25  Stalker (Chrono Boost)  
  23  2:29  Probe  
  26  2:32  Shield Battery  
  26  2:39  Stargate  
  26  2:46  Stalker (Chrono Boost)  
  28  2:52  Probe x2  
  30  3:03  Shield Battery  
  30  3:07  Pylon  
  30  3:08  Probe x2  
  32  3:17  Stalker  
  34  3:26  Phoenix (Chrono Boost)  
  36  3:31  Warp Gate  
  36  3:50  Probe x2  
  36  3:52  Phoenix (Chrono Boost)  
  40  4:02  Pylon, Probe x2  
  40  4:12  Phoenix (Chrono Boost)  
  40  4:14  Probe x2  
  44  4:19  Robotics Facility  
  44  4:26  Probe x2  
  46  4:38  Probe x2  
  47  4:42  Phoenix  
  46  4:50  Probe x2  
  42  5:02  Assimilator, Probe x2  
  42  5:04  Gateway  
  42  5:06  Assimilator  
  44  5:07  Phoenix  
  44  5:10  Immortal (Chrono Boost)  
  50  5:14  Probe x2  
  50  5:17  Pylon  
  50  5:21  Stalker  
  54  5:35  Probe x2  
  56  5:40  Nexus  
  56  5:44  Observer, Robotics Bay  
  55  5:58  Stalker  
  55  6:02  Oracle (Chrono Boost)  
  55  6:04  Shield Battery  
  55  6:06  Pylon, Probe x2  
  60  6:18  Forge, Twilight Council, Probe x2  
  60  6:25  Pylon  
  62  6:30  Probe  
  62  6:31  Probe  
  62  6:32  Colossus (Chrono Boost)  
  70  6:43  Probe x2  
  70  6:46  Gateway  
  72  6:48  Gateway  
  72  6:56  Shield Battery, Stalker  
  72  6:57  Sentry  
  72  6:59  Shield Battery  
  76  7:11  Probe x3  
  76  7:15  Colossus (Chrono Boost)  
  81  7:23  Zealot x2  
  81  7:25  Probe x2  
  87  7:32  Pylon  
  85  7:44  Stalker  
  85  7:48  Zealot x3  
  93  7:52  Gateway  
  93  7:53  Gateway  
  93  8:01  Gateway  
  92  8:06  Gateway  
  83  8:13  Stalker x4  
  83  8:17  Probe x3  
Show
View Real Time Build Order
Export as new Build Order

Clem Terran - Winner!

Build Orders: Cyclone Opening 

Get SALT Encoding   

  12  0:00  SCV  
  13  0:12  SCV  
  14  0:17  Supply Depot  
  14  0:24  SCV  
  15  0:39  SCV, Barracks  
  16  0:45  Refinery  
  16  0:51  SCV  
  16  0:55  Refinery  
  17  1:03  SCV  
  18  1:15  SCV  
  19  1:26  Reaper  
  19  1:27  Orbital Command  
  19  1:32  Supply Depot  
  20  1:44  Factory  
  20  1:53  SCV  
  21  2:00  Reaper, Bunker  
  22  2:05  SCV  
  23  2:17  SCV  
  24  2:30  Cyclone  
  24  2:33  Supply Depot, SCV  
  24  2:34  Reaper  
  28  2:45  SCV  
  28  2:50  Command Center  
  29  3:01  SCV  
  29  3:03  Starport  
  30  3:13  SCV  
  30  3:16  Barracks  
  30  3:18  Cyclone  
  33  3:26  SCV  
  34  3:31  Supply Depot  
  33  3:42  SCV  
  33  3:43  Medivac  
  36  3:54  SCV, Barracks  
  36  3:57  Cyclone  
  36  4:02  Orbital Command  
  35  4:05  Barracks Reactor  
  35  4:06  SCV  
  36  4:13  Viking  
  38  4:20  SCV  
  39  4:27  SCV  
  39  4:29  Cyclone  
  42  4:32  SCV  
  42  4:37  Marine  
  43  4:39  SCV  
  43  4:43  Marine x2  
  43  4:44  SCV  
  45  4:52  SCV  
  46  4:56  SCV, Viking  
  49  5:00  Marine  
  49  5:01  Marine x2  
  49  5:03  Marine  
  49  5:04  SCV  
  49  5:07  Supply Depot  
  54  5:08  SCV, Factory Tech Lab  
  54  5:14  Engineering Bay  
  55  5:15  Refinery  
  55  5:16  SCV  
  55  5:19  Barracks Tech Lab, Marine x2  
  55  5:20  Marine  
  55  5:21  SCV  
  60  5:28  SCV, Siege Tank  
  64  5:29  Supply Depot  
  64  5:33  Supply Depot  
  64  5:35  SCV  
  65  5:36  Refinery  
  65  5:37  Marine  
  65  5:39  Marine x2  
  65  5:41  SCV  
  65  5:42  Marine  
  70  5:45  Stimpack  
  70  5:51  SCV  
  70  5:53  SCV  
  71  5:59  Marine x2  
  71  6:03  SCV, Marauder  
  75  6:05  SCV  
  75  6:06  Supply Depot, Terran Infantry Weapons Level 1  
  76  6:11  Factory Reactor  
  76  6:13  Marauder  
  76  6:17  SCV x2, Marine x2  
  82  6:20  Starport Reactor  
  82  6:23  Combat Shield  
  82  6:24  Supply Depot, Marine  
  83  6:30  SCV  
  83  6:31  SCV  
  85  6:34  Supply Depot, Marine  
  85  6:35  Marine x2  
  88  6:42  Command Center  
  88  6:46  Marauder  
  90  6:50  Widow Mine x2  
  90  6:54  Marine x2  
  95  6:56  Marauder  
  95  6:57  Supply Depot  
  95  6:58  Medivac  
  100  7:05  Medivac  
  104  7:08  Marauder  
  104  7:12  Barracks  
  104  7:13  Marine  
  104  7:14  SCV  
  104  7:15  Barracks  
  104  7:18  SCV  
  104  7:26  SCV  
  104  7:27  Concussive Shells  
  105  7:30  SCV, Marauder  
  105  7:33  Marine x2  
  110  7:39  SCV  
  110  7:40  Supply Depot  
  110  7:42  SCV  
  110  7:43  Marauder  
  114  7:50  Marine  
  116  7:51  SCV  
  116  7:53  Marauder  
  116  7:54  SCV  
  116  7:58  Orbital Command  
  119  8:00  Marine  
  119  8:03  SCV, Marine  
  119  8:04  Barracks Tech Lab, Marauder  
  121  8:07  SCV  
  121  8:15  SCV  
  114  8:26  Barracks Reactor  
Tags
 
Add a new tag
Caveats
  • Supply blocks, unpowered buildings, or Contaminate may cause inaccurate times.
  • Supply counts are checked every 10 seconds.